 Dungeon Crawl Stone Soup version 0.29-a0-207-gf982a884d8 (webtiles) character file.

Game seed: 1486855786665897956

7389 siradein the Agent of Entropy (level 11, 0/87 HPs)
             Began as a Formicid Abyssal Knight on Feb 23, 2022.
             Was a Priest of Lugonu.
             Killed from afar by an orc warrior (8 damage)
             ... with an iceblast
             ... on level 8 of the Dungeon on Feb 24, 2022.
             The game lasted 00:52:08 (16551 turns).

siradein the Agent of Entropy (FoAK)               Turns: 16551, Time: 00:52:09

Health: 0/87       AC: 15    Str: 18    XL:     11   Next: 36%
Magic:  17/17      EV: 10    Int: 10    God:    Lugonu [***...]
Gold:   279        SH:  5    Dex: 19    Spells: 10/10 levels left

rFire   + . .      SeeInvis +   v - +2 spear (vamp)
rCold   . . .      Faith    +   L - +0 buckler
rNeg    . . .      Spirit   .   H - +3 chain mail of Precision Catastrophes {Dex+4}
rPois   +          Reflect  .   (helmet unavailable)
rElec   .          Harm     .   (no cloak)
rCorr   .          Rampage  .   (no gloves)
Will    +....      Clarity  +   t - +0 pair of boots
Stlth   ..........              o - amulet of faith
HPRegen 0.24/turn               i - ring of protection from fire
MPRegen 0.15/turn               x - ring of poison resistance

@: no status effects
A: permanent stasis, dig shafts and tunnels, antennae 3, four strong arms, claws
1, clarity
a: Dig, Shaft Self, Renounce Religion, Depart the Abyss, Bend Space, Banish


You were on level 8 of the Dungeon.
You worshipped Lugonu.
Lugonu was most pleased with you.
You visited 1 branch of the dungeon, and saw 10 of its levels.
You visited the Abyss 2 times.

You collected 573 gold pieces.
You spent 294 gold pieces at shops.

Inventory:

Hand Weapons
 v - a +2 vampiric spear (weapon)
 F - a +5 halberd
 G - a +2 vorpal hunting sling
Missiles
 e - 298 stones
 p - 6 javelins
 y - 7 poisoned darts (quivered)
Armour
 d - +0 swamp dragon scales
 t - a +0 pair of boots (worn)
 H - the +3 chain mail of Precision Catastrophes (worn) {Dex+4}
   (You found it on level 9 of the Dungeon)

   Dex:       It affects your dexterity (+4).
 L - a +0 buckler (worn)
Jewellery
 i - a ring of protection from fire (left claw)
 o - an amulet of faith (around neck)
 s - an amulet of the acrobat
 x - a ring of poison resistance (right claw)
 z - a ring of wizardry
 E - a ring of resist corrosion
Wands
 a - a wand of digging (7)
 l - a wand of paralysis (7)
 u - a wand of acid (16)
 w - a wand of iceblast (8)
Scrolls
 g - 5 scrolls of magic mapping
 h - 2 scrolls of enchant armour
 j - 4 scrolls of brand weapon
 m - a scroll of fog
 n - 2 scrolls of enchant weapon
 C - a scroll of summoning
 D - 2 scrolls of amnesia
 J - a scroll of immolation {unknown}
 K - a scroll of acquirement {unknown}
Potions
 b - 3 potions of curing
 c - 2 potions of mutation
 f - 3 potions of heal wounds
 k - 2 potions of resistance
 q - a potion of ambrosia
 r - a potion of cancellation {unknown}
 A - a potion of degeneration {unknown}
 B - 3 potions of flight {unknown}
 I - 2 potions of brilliance {unknown}
 M - 2 potions of invisibility


   Skills:
 + Level 8.9 Fighting
 + Level 7.7 Polearms
 + Level 8.4 Armour
 + Level 6.7 Dodging
 + Level 3.1 Shields
 + Level 9.2 Invocations


You had 10 spell levels left.
You didn't know any spells.
Your spell library contained the following spells:

 Spells                   Type           Power      Damage    Failure   Level
 Shock                    Conj/Air       0%         1d3       99%         1
 Call Canine Familiar     Summ           0%         N/A       100%        3
 Conjure Flame            Conj/Fire      0%         6-21      100%        3
 Gell's Gravitas          Tloc           0%         N/A       100%        3
 Ignite Poison            Fire/Tmut/Pois 0%         N/A       100%        3
 Lesser Beckoning         Tloc           0%         N/A       100%        3
 Portal Projectile        Hex/Tloc       0%         N/A       100%        3
 Teleport Other           Tloc           0%         N/A       100%        3
 Tukima's Dance           Hex            0%         N/A       100%        3
 Airstrike                Air            0%         N/A       100%        4
 Anguish                  Hex/Necr       0%         N/A       100%        4
 Animate Dead             Necr           0%         N/A       100%        4
 Leda's Liquefaction      Hex/Erth       0%         N/A       100%        4
 Sticky Flame             Conj/Fire      0%         2d3       100%        4
 Borgnjor's Vile Clutch   Necr/Erth      0%         N/A       100%        5
 Death Channel            Necr           0%         N/A       100%        6
 Enfeeble                 Hex            0%         N/A       100%        7
 Swiftness                Air            Unusable   N/A       N/A         3

Dungeon Overview and Level Annotations

Branches:
Dungeon (10/15)            Temple (0/1) D:7
   Lair: D:8-11         Orc: D:9-12

Altars:
Cheibriados
Dithmenos
Elyvilon
Fedhas
Gozag
Hepliaklqana
Ru
Sif Muna
Yredelemnul
The Shining One

Shops:
D:8 ((

Annotations:
D:7 1 runed translucent door, bande's ghost, novice GrFi


Innate Abilities, Weirdness & Mutations

You cannot be hasted, slowed, berserked, paralysed or teleported.
You can dig through walls and to a lower floor.
You have a pair of large antennae on your head. (SInv)
Your four strong arms can wield two-handed weapons with a shield.
You have sharp fingernails.
You possess an exceptional clarity of mind.


Message History

The orc warrior is severely wounded.
The orc priest barely misses you. The orc hits you but does no damage.
You closely miss the orc warrior.
The orc warrior is severely wounded.
The orc warrior hits you with a +0 war axe!
The orc priest hits you with a +0 morningstar!
You are too injured to fight recklessly!
You are too injured to fight recklessly!
You are too injured to fight recklessly!
You are too injured to fight recklessly!
You are too injured to fight recklessly!
The orc hits you but does no damage.
There is a stone staircase leading up here.
The orc closely misses you.
The orc priest hits you with a +0 morningstar!
The orc warrior hits you with a +0 war axe!
You climb upwards.
There is a stone staircase leading down here.
You block the orc's attack.
The orc priest hits you but does no damage.
The orc hits you but does no damage.
The orc priest looks satisfied for a moment.
The orc priest begins to cast a cantrip, but forgets the words!
There is a stone staircase leading up, spattered with blood here.
The orc barely misses you.
The orc priest calls down the wrath of Beogh upon you.
Beogh smites you!
* * * LOW HITPOINT WARNING * * *
The orc warrior hits you with a +0 war axe.
* * * LOW HITPOINT WARNING * * *
You climb upwards.
There is a stone staircase leading down, spattered with blood here.
Space bends sharply around you!
The orc blinks! x2; You blink.
The orc warrior zaps a wand.
The mass of ice explodes!
The iceblast engulfs you.
* * * LOW HITPOINT WARNING * * *
There is a stone staircase leading up here.
The orc warrior zaps a wand.
The mass of ice explodes!
The iceblast engulfs you!
You die...

...#.......#####........#
...+....................#
...#....................#
..)#....................#
...#...............<....#
...#....................#
...#...............)....#
...#....................#
...#........o...@.......#
...#..>...o#####........#
...#.......# #........#
...'.......# #........#
####.......# #........#
#......o# #........#
#.......#####........#
#.........#.......>..#
#.......#.#.#.)......#


You could see an orc warrior and an orc.

Vanquished Creatures
  Erica (D:8)
  The ghost of Zeldest the Ruffian, a novice TrAE of Cheibriados (D:5)
  Maggie (D:7)
  Psyche (D:8)
  Prince Ribbit (D:4)
  A meliai zombie (D:10)
  A shadow (D:10)
  A wyvern (D:10)
  3 yaks
  3 water moccasins
  An ice beast (D:7)
  3 sky beasts
  A black bear (D:5)
  2 necrophages
  5 ogres
  6 centaurs
  Blork the orc (D:5)
  A phantom (D:5)
  4 bullfrogs
  A scorpion (D:5)
  A wyvern skeleton (D:5)
  A water moccasin skeleton (D:5)
  3 killer bees (D:9)
  A howler monkey (D:5)
  7 wights
  5 centaur zombies
  A bullfrog zombie (D:5)
  4 hounds
  A bullfrog skeleton (D:7)
  2 centaur skeletons
  2 gnoll shamans (D:7)
  An orc priest (D:9)
  2 jellies
  Jessica (D:3)
  2 iguanas
  A scorpion zombie (D:5)
  7 orc wizards
  A howler monkey zombie (D:8)
  11 gnolls
  11 adders
  2 shadow imps
  2 ufetubi (D:5)
  An adder skeleton (D:4)
  A dart slug (D:2)
  20 orcs
  6 ball pythons
  4 bats
  10 endoplasms
  A giant cockroach (D:1)
  7 goblins
  6 hobgoblins
  5 jackals
  6 kobolds
  3 quokkas
  3 frilled lizards
  6 rats
187 creatures vanquished.

Vanquished Creatures (others)
  An orc wizard (D:9)
  2 orcs (D:8)
  10 plants (D:2)
  2 withered plants (D:7)
15 creatures vanquished.

Grand Total: 202 creatures vanquished

Notes
Turn   | Place    | Note
-------+----------+-------------------------------------------
     0 | Abyss:1  | siradein the Formicid Abyssal Knight began the quest for
                  | the Orb.
     0 | Abyss:1  | Reached XP level 1. HP: 18/18 MP: 2/2
    14 | D:1      | Escaped the Abyss
    55 | D:1      | Reached skill level 1 in Dodging
   252 | D:1      | Reached XP level 2. HP: 22/24 MP: 3/3
   728 | D:1      | Reached XP level 3. HP: 28/29 MP: 4/4
   991 | D:2      | Reached ** piety under Lugonu
  1793 | D:2      | Reached XP level 4. HP: 37/37 MP: 6/6
  1882 | D:2      | Found a faded altar of an unknown god.
  2086 | D:3      | Identified the +1 robe "Quesumm" {+Blink Str-4 Dex+4}
  2293 | D:3      | Reached skill level 3 in Invocations
  2977 | D:3      | Reached *** piety under Lugonu
  2978 | D:3      | Reached XP level 5. HP: 42/42 MP: 7/7
  3084 | D:3      | Noticed Jessica
  3092 | D:3      | Killed Jessica
  3137 | D:3      | Found a shimmering blue altar of Sif Muna.
  3608 | D:4      | Reached XP level 6. HP: 15/48 MP: 8/8
  3611 | D:4      | Gained mutation: You have hidden genetic potential. [potion
                  | of mutation]
  3611 | D:4      | HP: 2/48 [poisoned by an orc]
  4805 | D:4      | Noticed an ogre
  4831 | D:4      | Killed an ogre
  4832 | D:4      | Reached skill level 4 in Invocations
  5072 | D:5      | Entered Level 5 of the Dungeon
  5074 | D:5      | Noticed a water moccasin
  5078 | D:5      | Banished a water moccasin
  5079 | D:5      | Reached XP level 7. HP: 55/55 MP: 5/10
  5079 | D:5      | Gained mutation: You have sharp fingernails. [hidden
                  | potential]
  5236 | D:5      | Noticed Blork the orc
  5403 | D:4      | Reached skill level 5 in Fighting
  5538 | D:5      | Killed Blork the orc
  5588 | D:5      | Reached skill level 5 in Invocations
  5588 | D:5      | Reached XP level 8. HP: 42/62 MP: 11/11
  5589 | D:5      | Gained mutation: You possess an exceptional clarity of
                  | mind. [hidden potential]
  5589 | D:5      | Lost mutation: You have hidden genetic potential. [hidden
                  | potential expressed]
  6093 | D:5      | Noticed a two-headed ogre
  6142 | D:5      | Reached skill level 5 in Armour
  6144 | D:5      | Banished a two-headed ogre
  6145 | D:5      | Reached skill level 5 in Polearms
  6145 | D:5      | Reached skill level 6 in Invocations
  6145 | D:5      | Reached XP level 9. HP: 43/69 MP: 0/13
  6506 | D:5      | Noticed Prince Ribbit
  6543 | D:4      | Killed Prince Ribbit
  6802 | D:5      | Found a runed translucent gate.
  6804 | D:5      | Found a runed translucent gate.
  6805 | D:5      | Found a runed translucent gate.
  6806 | D:5      | Found an opulent altar of Gozag.
  6808 | D:5      | Noticed Zeldest's ghost (novice TrAE)
  9700 | D:5      | Reached skill level 5 in Dodging
  9700 | D:5      | Reached skill level 7 in Invocations
 10708 | D:6      | Reached XP level 10. HP: 65/74 MP: 15/15
 10960 | D:7      | Noticed Maggie
 10991 | D:7      | Killed Maggie
 11288 | D:7      | Found a sacrificial altar of Ru.
 11611 | D:7      | Found a staircase to the Ecumenical Temple.
 11621 | D:7      | Reached skill level 8 in Invocations
 11710 | D:7      | Found a runed translucent door.
 11710 | D:7      | Noticed bande's ghost (novice GrFi)
 11855 | D:7      | Found a snail-covered altar of Cheibriados.
 12439 | D:8      | Noticed Erica
 12453 | D:8      | Killed Erica
 12630 | D:8      | Found Daattak's Weapon Shop.
 12649 | D:8      | Bought a +2 vampiric spear for 294 gold pieces
 12717 | D:8      | Found Lurhuno's Weapon Shop.
 13751 | D:8      | Reached skill level 1 in Shields
 13751 | D:8      | Reached XP level 11. HP: 52/87 MP: 17/17
 14242 | D:5      | Killed Zeldest's ghost
 14293 | D:5      | Reached **** piety under Lugonu
 14682 | D:9      | Noticed Psyche
 14716 | D:9      | Cast into level 1 of the Abyss (Psyche)
 14716 | Abyss:1  | Found a corrupted altar of Lugonu.
 14731 | Abyss:1  | Noticed an orc sorcerer
 14732 | D:9      | Escaped the Abyss
 15032 | D:8      | Killed Psyche
 15186 | D:9      | Found a white marble altar of Elyvilon.
 15212 | D:9      | Reached skill level 9 in Invocations
 15255 | D:9      | Found a basalt altar of Yredelemnul.
 15258 | D:9      | Found a hazy altar of Hepliaklqana.
 15258 | D:9      | Found a glowing golden altar of the Shining One.
 15265 | D:9      | Found a blossoming altar of Fedhas.
 15648 | D:9      | Found a shadowy altar of Dithmenos.
 16001 | D:9      | Identified the +3 chain mail of Precision Catastrophes
                  | {Dex+4}
 16025 | D:10     | Entered Level 10 of the Dungeon
 16533 | D:8      | HP: 3/87 [orc warrior/iceblast (6)]
 16551 | D:8      | Killed from afar by an orc warrior

Illustrated notes

Levels and vault maps discovered:
D:1:      minmay_arrival_hallway, layout_basic, minmay_pentomino_z2
D:2:      layout_rooms, chequers_ecumenical_altar_lobes, grunt_ministairs_7,
          kennysheep_cross_bottleneck
D:3:      layout_loops_corners, tgw_sif, grunt_decor_cap
D:4:      layout_basic
D:5:      layout_loops_ring, ebering_ghost_gozag, uniq_prince_ribbit1,
          uniq_blork_the_orc
D:6:      layout_basic, chequers_hall_statues_wall_a, minmay_three_doors
D:7:      layout_loops_ring, mainiacjoe_overflow_paths,
          mainiacjoe_overflow_small_starburst, minmay_temple_entry_slanted,
          gammafunk_ghost_grave, minmay_misc_feat_hallway, uniq_maggie
D:8:      layout_gridville, serial_shops, nicolae_shop_advertising_works
          [nicolae_subvault_shop_adworks], shop_coins, uniq_erica
D:9:      layout_cave_pools, nicolae_overflow_hallway_of_the_gods,
          grunt_dithmenos_smoke_and_mirrors, uniq_psyche
D:10:     layout_rooms

Skill      XL: |  1  2  3  4  5  6  7  8  9 10 11 |
---------------+----------------------------------+-----
Dodging        | 1 2 3 4 5 6 |  6.7
Invocations    | 3 4 5 6 7 8 9 |  9.2
Armour         | 3 4 5 6 7 8 |  8.4
Fighting       | 4 5 6 7 8 |  8.9
Polearms       | 3 4 5 6 7 |  7.7
Shields        | 1 3 |  3.1

Action                   |  1- 3 |  4- 6 |  7- 9 | 10-12 || total
-------------------------+-------+-------+-------+-------++-------
Melee: Spear             |   101 |   178 |   368 |   420 ||  1067
       Punch             |       |     2 |     9 |     1 ||    12
       Halberd           |       |       |    23 |   141 ||   164
Throw: Dart              |       |     7 |    12 |    10 ||    29
       Throwing net      |       |       |       |     1 ||     1
Invok: Bend Space        |       |     2 |     7 |     4 ||    13
       Banish            |       |     1 |     5 |       ||     6
       Depart the Abyss  |       |       |       |     1 ||     1
Evoke: Wand              |       |       |       |     1 ||     1
  Use: Potion            |       |     2 |       |     1 ||     3
       Scroll            |       |       |    11 |     2 ||    13
 Stab: Sleeping          |     1 |       |       |       ||     1
       Held in net/web   |       |       |       |     1 ||     1
Armor: Leather armour    |    13 |     3 |       |       ||    16
       Ring mail         |       |    51 |       |       ||    51
       Chain mail        |       |     8 |   229 |    45 ||   282
       Swamp dragon scal |       |       |       |   115 ||   115
Dodge: Dodged            |    35 |    85 |   196 |   276 ||   592
Block: Buckler           |       |       |       |    86 ||    86

Table legend: (Time is in decaauts)
 A = Elapsed time spent in this place.
 B = Non-inter-level travel time spent in this place.
 C = Inter-level travel time spent in this place.
 D = Time resting spent in this place.
 E = Time spent auto-exploring this place.
 F = Levels seen in this place.
 G = Mean time per level.
                   A        B        C        D        E       F      G
               +--------+--------+--------+--------+--------+-----+--------+
         Total |  16431 |  15924 |    507 |   3259 |   9654 |  12 | 1369.2 |
       Dungeon |  16401 |  15894 |    507 |   3259 |   9634 |  10 | 1640.1 |
         Abyss |     29 |     29 |      0 |      0 |     20 |   2 |   14.5 |
               +--------+--------+--------+--------+--------+-----+--------+

Top non-repeatable levels by time:
     D:4: 2824 daAuts
     D:5: 2625 daAuts
     D:6: 2266 daAuts
     D:3: 1868 daAuts
     D:8: 1723 daAuts
     D:7: 1719 daAuts
     D:2: 1011 daAuts
     D:1: 948 daAuts
     D:9: 934 daAuts
    D:10: 479 daAuts
 Abyss:1: 29 daAuts
